 Dungeon Crawl Stone Soup version 0.30.1-3-gfc49f6343a (webtiles) character file.

Game seed: 17553108925784924269

82 Wiggles the Chopper (level 4, -2/39 HPs)
             Began as a Minotaur Berserker on Aug 1, 2023.
             Was a Believer of Trog.
             Slain by Natasha (3 damage)
             ... on level 2 of the Dungeon.
             The game lasted 00:02:06 (1113 turns).

Wiggles the Chopper (Minotaur Berserker)            Turns: 1113, Time: 00:02:07

Health: -2/39      AC:  0    Str: 23    XL:     4   Next: 21%
Magic:  3/3        EV: 14    Int:  4    God:    Trog [**....]
Gold:   132        SH:  0    Dex: 10    Spells: 3/3 levels left

rFire   . . .        a - melded +0 hand axe
rCold   . . .        (shield currently unavailable)
rNeg    . . .        f - melded +0 plate armour
rPois   .            (helmet currently unavailable)
rElec   .            (cloak currently unavailable)
rCorr   .            (gloves currently unavailable)
SInv    .            (boots currently unavailable)
Will    .....        (no amulet)
Stlth   +            b - melded ring of positive energy
HPRegen 0.26/turn    (ring currently unavailable)
MPRegen 0.08/turn

%: no passive effects
@: pig-form, slowed
A: fast, no casting, small, (horns 2), (retaliatory headbutt)
a: Renounce Religion, Berserk, Trog's Hand


You were on level 2 of the Dungeon.
You worshipped Trog.
Trog was pleased with you.
You were a filthy swine.
You visited 1 branch of the dungeon, and saw 2 of its levels.

You collected 132 gold pieces.

Inventory:

Hand Weapons
 a - a +0 hand axe (melded)
Armour
 f - a +0 plate armour (melded)
Jewellery
 b - a ring of positive energy (melded)
Scrolls
 d - a scroll of immolation {unknown}
 e - a scroll of enchant weapon {unknown}
 g - a scroll of enchant armour {unknown}
 j - a scroll of vulnerability {unknown}
Potions
 c - a potion of resistance {unknown}
 h - a potion of ambrosia {unknown}
 i - a potion of heal wounds {unknown}
 k - a potion of attraction {unknown}


   Skills:
 - Level 3.6 Fighting
 + Level 6.1 Axes
 - Level 2.4 Armour
 - Level 2.1 Dodging
 + Level 0.3 Unarmed Combat


You had 3 spell levels left.
You didn't know any spells.
Your spell library was empty.

Dungeon Overview and Level Annotations

Branches:
Dungeon (2/15)

Altars:

Annotations:
D:2 Natasha


Innate Abilities, Weirdness & Mutations

You are a filthy swine.
You move quickly.
Your equipment is almost entirely melded.
You are incapable of wielding weapons or throwing items.
You cannot cast spells.
((You have a pair of horns on your head.))
((You reflexively headbutt those who attack you in melee.))


Message History

You barely miss Natasha.
Natasha is moderately wounded.
Natasha misses you.
You closely miss Natasha.
Natasha is moderately wounded.
Natasha completely misses you.
You completely miss Natasha.
Natasha is moderately wounded.
Natasha casts a spell at you.
You feel yourself slow down.
You completely miss Natasha.
Natasha is moderately wounded.
Natasha claws you.
You closely miss Natasha.
Natasha is moderately wounded.
Natasha mumbles some strange words.
Natasha casts a spell.
You hit Natasha but do no damage.
Natasha is moderately wounded.
The cerulean imp hits you with a +1 spear.
Natasha wildly gestures.
You feel disoriented. Natasha completely misses you.
You completely miss Natasha.
Natasha is moderately wounded.
The cerulean imp hits you from afar with a +2 spear.
The cerulean imp hits you with a +1 spear.
Natasha claws you.
The cerulean imp hits you from afar with a +2 spear.
* * * LOW HITPOINT WARNING * * *
You hit Natasha but do no damage.
Natasha is moderately wounded.
The cerulean imp closely misses you. Natasha casts a spell at you.
You resist with some effort.
The cerulean imp hits you from afar with a +2 spear.
* * * LOW HITPOINT WARNING * * *
The cerulean imp hits you with a +1 spear.
* * * LOW HITPOINT WARNING * * *
Natasha claws you.
You die...

.#.......### ##....###........#
..##.###...####..#######.......#
#.##.#####.....................#
#.#).#..[......#.########......#
#...##.##..###.#.# #......#
...###.#..## #.#.# #......#
##.....#.#####.#.# #......#
.....###.# #.....# #..)...#
##.#.##..###.##5h# ########
#.#....###..###h### ###########
##.....## #.## #.5.# ##..........
###..#..###.# ###.###...........
###..##.....# #.##............
#.....#....#######.##............
..###.##...# #<..................
.## #.##..## #.###..#............
## #....## #.# ##.#............


You could see Natasha and 2 cerulean imps.

Vanquished Creatures
  Natasha (twice) (D:2)
  3 dart slugs (D:1)
  2 ball pythons (D:1)
  2 endoplasms (D:1)
  A giant cockroach (D:1)
  A hobgoblin (D:1)
  2 kobolds (D:1)
  2 quokkas (D:1)
  7 bats
  A frilled lizard (D:1)
  2 goblins (D:1)
  4 rats
29 creatures vanquished.

Notes
Turn   | Place    | Note
-------+----------+-------------------------------------------
     0 | D:1      | Wiggles the Minotaur Berserker began the quest for the Orb.
     0 | D:1      | Reached XP level 1. HP: 19/19 MP: 0/0
    91 | D:1      | Reached skill level 4 in Axes
   156 | D:1      | Reached XP level 2. HP: 23/26 MP: 1/1
   201 | D:1      | Found a faded altar of an unknown god.
   333 | D:1      | Reached skill level 5 in Axes
   354 | D:1      | Reached ** piety under Trog
   355 | D:1      | Reached XP level 3. HP: 31/31 MP: 2/2
   713 | D:2      | Noticed Natasha
   723 | D:2      | Killed Natasha
   762 | D:2      | Noticed Natasha
   774 | D:2      | Killed Natasha
   775 | D:2      | Reached skill level 6 in Axes
   775 | D:2      | Reached XP level 4. HP: 22/39 MP: 3/3
  1098 | D:2      | Noticed Natasha
  1113 | D:2      | HP: 1/39 [cerulean imp/+1 spear[Natasha] (5)]
  1113 | D:2      | Slain by Natasha

Illustrated notes

Levels and vault maps discovered:
D:1:      dpeg_arrival_signposts, layout_basic, shapermc_ecumenical_altar_gd,
          minmay_cupped
D:2:      layout_rooms, minmay_mini_jars, uniq_natasha

Skill      XL: |  1  2  3 |
---------------+----------+-----
Axes           | 4 5 6 |  6.1
Fighting       | |  3.6
Armour         | |  2.4
Dodging        | |  2.1
Unarmed Combat | |  0.3

Action                     |  1- 3 |  4- 6 || total
---------------------------+-------+-------++-------
  Melee: Hand axe          |    53 |     4 ||    57
         Headbutt          |    10 |     1 ||    11
         Punch             |     1 |       ||     1
         Unarmed           |    13 |    11 ||    24
 Armour: Animal skin       |     3 |       ||     3
         Plate armour      |    17 |     7 ||    24
         Leather armour    |     1 |       ||     1
  Dodge: Dodged            |    30 |     8 ||    38
